 Dungeon Crawl Stone Soup version 0.31-a0-750-gfe7b580527 (webtiles) character file.

Game seed: 7911355881121281128

1620555 RepHenryClay the Slayer (level 27, 242/242 HPs)
             Began as a Gnoll Hexslinger on Sept 10, 2023.
             Was a High Priest of Okawaru.
             Escaped with the Orb
             ... and 3 runes on Sept 15, 2023!
             The game lasted 03:42:23 (72921 turns).

RepHenryClay the Slayer (Gnoll Hexslinger)         Turns: 72921, Time: 03:42:25

Health: 242/242    AC: 38    Str: 24    XL:     27
Magic:  36/36      EV: 26    Int: 26    God:    Okawaru [*****.]
Gold:   4858       SH: 22    Dex: 26    Spells: 11/63 levels left

rFire   + + +        a - +8 hand cannon (freeze)
rCold   + + .        m - +0 kite shield {rC+}
rNeg    + + +        J - +8 fire dragon scales
rPois   +            g - +1 helmet of Philately {rPois rN+ Will+}
rElec   +            x - +2 cloak of Sunlight {rElec Str+5}
rCorr   +            p - +2 pair of gloves of Okawaru, Hammering {Contam Str+5 Dex+2 Stlth+}
SInv    .            C - +3 pair of boots of Objectivity {Contam rC++ rN+ Regen+}
Will    +++..        O - amulet of Rurit {Reflect SH+5 Stlth+}
Stlth   +++          r - ring of Wofip {rF+ rN+ rCorr}
HPRegen 1.40/turn    F - ring of Mistrust {rElec Str+2 Int+6 Dex+3}
MPRegen 0.25/turn

%: reflection
@: studying 2 skills
A: fangs 1, strong nose, distributed training, clever 2, low MP 2, poison
resistance, screaming 1
0: Orb of Zot
}: 3/15 runes: serpentine, barnacled, silver
a: Renounce Religion, Heroism, Finesse, Duel


You escaped.
You worshipped Okawaru.
Okawaru was extremely pleased with you.
You visited 10 branches of the dungeon, and saw 48 of its levels.
You visited the Abyss 1 time.
You visited 1 bazaar.
You also visited: Bailey, Wizlab and Desolation.

You collected 8573 gold pieces.
You spent 3715 gold pieces at shops.

Inventory:

Hand Weapons
 a - a +8 hand cannon of freezing (weapon)
 b - the +7 double sword of Ytrostrirph {pain, rElec Str+7 Int+6}
   (You found it in a wizard's laboratory)

   Str+7:     It affects your strength (+7).
   Int+6:     It affects your intelligence (+6).
   rElec:     It insulates you from electricity.
 c - the +10 zealot's sword {holy, Zealotry, *Rage rN+ EV+3}
   (You took it off a servant of whispers in the Desolation of Salt)

   Zealotry:  Whenever the wielder enters a berserk rage, their allies are
   berserked alongside them.
   EV+3:      It affects your evasion (+3).
   rN+:       It protects you from negative energy.
   *Rage:     It berserks you when you make melee attacks (+20% chance).
Missiles
 k - 5 throwing nets
 s - a curare-tipped dart
 D - 26 javelins
 Y - 23 silver javelins
Armour
 g - the +1 helmet of Philately (worn) {rPois rN+ Will+}
   (Okawaru gifted it to you on level 5 of the Lair of Beasts)

   rPois:     It protects you from poison rN+: It protects you from negative
   energy.
   Will+:     It increases your willpower.
 l - the +10 tower shield of Ignorance {rN+ Int-4}
   (You found it in the Desolation of Salt)

   Int-4:     It affects your intelligence (-4).
   rN+:       It protects you from negative energy.
 m - a +0 kite shield of cold resistance (worn)
 p - the +2 pair of gloves of Okawaru, Hammering (worn) {Contam Str+5 Dex+2 Stlth+}
   (Okawaru gifted it to you on level 2 of the Shoals)

   Str+5:     It affects your strength (+5).
   Dex+2:     It affects your dexterity (+2).
   Contam:    It causes magical contamination when unequipped.
   Stlth+:    It makes you more stealthy.
 x - the +2 cloak of Sunlight (worn) {rElec Str+5}
   (You acquired it on level 13 of the Dungeon)

   Str+5:     It affects your strength (+5).
   rElec:     It insulates you from electricity.
 C - the +3 pair of boots of Objectivity (worn) {Contam rC++ rN+ Regen+}
   (Okawaru gifted it to you on level 3 of the Depths)

   rC++:      It greatly protects you from cold.
   rN+:       It protects you from negative energy.
   Contam:    It causes magical contamination when unequipped.
   Regen+:    It increases your rate of health regeneration.
 E - a +2 pair of boots of flying
 J - +8 fire dragon scales (worn)
 L - a +2 cloak of willpower
Jewellery
 d - a ring of magical power
 i - an amulet of regeneration
 j - the ring of Rownu {rN+ Str+8 Int+3}
   (You took it off a deep elf elementalist on level 3 of the Elven Halls)

   [ring of positive energy]

   Str+8:     It affects your strength (+8).
   Int+3:     It affects your intelligence (+3).
   rN+:       It protects you from negative energy.
 r - the ring of Wofip (left hand) {rF+ rN+ rCorr}
   (You bought it in a shop on level 1 of the Vaults)

   [ring of positive energy]

   rF+:       It protects you from fire.
   rN+:       It protects you from negative energy.
   rCorr:     It protects you from acid and corrosion.
 z - a ring of ice
 F - the ring of Mistrust (right hand) {rElec Str+2 Int+6 Dex+3}
   (You found it on level 2 of the Depths)

   [ring of intelligence]

   Str+2:     It affects your strength (+2).
   Int+6:     It affects your intelligence (+6).
   Dex+3:     It affects your dexterity (+3).
   rElec:     It insulates you from electricity.
 H - the ring of Xerghippeics {+Blink rElec rF+ rCorr Str-3}
   (You took it off an imperial myrmidon in the Desolation of Salt)

   [ring of resist corrosion]

   Str-3:     It affects your strength (-3).
   rF+:       It protects you from fire.
   rElec:     It insulates you from electricity.
   +Blink:    It lets you blink.
   rCorr:     It protects you from acid and corrosion.
 I - the ring "Sentapuy" {rPois rF+}
   (You found it on level 1 of the Lair of Beasts)

   [ring of protection from fire]

   rF+:       It protects you from fire.
   rPois:     It protects you from poison
 O - the amulet of Rurit (around neck) {Reflect SH+5 Stlth+}
   (You took it off a deep elf elementalist on level 3 of the Elven Halls)

   [amulet of reflection]

   Reflect:   It reflects blocked missile attacks.
   SH+5:      It affects your SH (+5).
   Stlth+:    It makes you more stealthy.
 R - a ring of ice
 S - a ring of fire
Wands
 f - a wand of flame (73)
 t - a wand of mindburst (15)
 w - a wand of acid (17)
 A - a wand of paralysis (60)
 G - a wand of roots (35)
Scrolls
 y - 19 scrolls of teleportation
 K - 23 scrolls of identify {@r1}
 M - 5 scrolls of revelation
 P - 8 scrolls of immolation
 Q - 5 scrolls of blinking
 U - 6 scrolls of fear
 X - a scroll of torment
 Z - 8 scrolls of fog
Potions
 e - 30 potions of curing
 h - 14 potions of brilliance
 q - 9 potions of mutation
 u - 4 potions of enlightenment
 v - 8 potions of resistance
 B - 5 potions of magic
 N - 5 potions of ambrosia
 T - 6 potions of might
 V - 9 potions of heal wounds
 W - 9 potions of haste
Miscellaneous
 n - a lightning rod (4/4)


   Skills:
 + Level 25.0 Fighting
 + Level 18.7 Short Blades
 + Level 18.7 Long Blades
 + Level 18.7 Axes
 + Level 18.7 Maces & Flails
 + Level 18.7 Polearms
 + Level 18.7 Staves
 + Level 19.1 Ranged Weapons
 + Level 18.7 Throwing
 + Level 18.7 Armour
 + Level 19.1 Dodging
 + Level 18.7 Stealth
 + Level 18.7 Shields
 + Level 18.7 Unarmed Combat
 + Level 18.9 Spellcasting
 + Level 15.9 Conjurations
 + Level 16.7 Hexes
 + Level 15.9 Summonings
 + Level 15.9 Necromancy
 + Level 15.9 Translocations
 + Level 15.9 Transmutations
 + Level 16.0 Fire Magic
 + Level 18.8 Ice Magic
 + Level 15.9 Air Magic
 + Level 15.9 Earth Magic
 + Level 15.9 Poison Magic
 + Level 20.2 Invocations
 + Level 18.7 Evocations
 + Level 17.2 Shapeshifting


You had 11 spell levels left.
You knew the following spells:

 Your Spells              Type           Power      Damage    Failure   Level
a - Vhi's Electric Charg  Tloc/Air       100%       N/A       1%          4
b - Inner Flame           Hex/Fire       83%        N/A       0%          3
c - Dimensional Bullseye  Hex/Tloc       41%        N/A       1%          4
d - Ignite Poison         Fire/Tmut/Pois 82%        N/A       1%          3
e - Cause Fear            Hex            42%        N/A       1%          4
f - Mephitic Cloud        Conj/Pois/Air  82%        N/A       1%          3
g - Olgreb's Toxic Radia  Pois           82%        N/A       1%          4
h - Freezing Cloud        Conj/Ice/Air   42%        6-21      1%          5
i - Iskenderun's Mystic   Conj/Tloc      82%        2d16      1%          4
j - Plasma Beam           Fire/Air       41%        2x1d55    1%          6
k - Ozocubu's Refrigerat  Ice            44%        4d17      1%          7
l - Sigil of Binding      Hex            84%        N/A       0%          3
Q - Blink                 Tloc           100%       N/A       0%          2

Your spell library contained the following spells:

 Spells                   Type           Power      Damage    Failure   Level
 Foxfire                  Conj/Fire      100%       2x1d9     0%          1
 Kiss of Death            Conj/Necr      100%       2d13      0%          1
 Magic Dart               Conj           100%       1d8       0%          1
 Necrotise                Necr           100%       1d9       0%          1
 Sandblast                Erth           100%       2d20      0%          1
 Slow                     Hex            100%       N/A       0%          1
 Cigotuvi's Dreadful Rot  Necr/Pois/Air  100%       N/A       0%          2
 Ensorcelled Hibernation  Hex/Ice        100%       N/A       0%          2
 Jinxbite                 Hex            100%       N/A       0%          2
 Passwall                 Tmut/Erth      68%        N/A       0%          2
 Poisonous Vapours        Pois/Air       100%       N/A       0%          2
 Sublimation of Blood     Necr           82%        N/A       0%          2
 Wereblood                Tmut           82%        N/A       0%          2
 Frozen Ramparts          Ice            100%       1d16      0%          3
 Ozocubu's Armour         Ice            89%        N/A       0%          3
 Dazzling Flash           Conj/Hex       100%       N/A       1%          3
 Stone Arrow              Conj/Erth      100%       3d13      1%          3
 Vampiric Draining        Necr           82%        2d11      1%          3
 Volatile Blastmotes      Fire/Tloc      100%       2d18      1%          3
 Anguish                  Hex/Necr       41%        N/A       1%          4
 Flame Wave               Conj/Fire      82%        2d18      1%          4
 Leda's Liquefaction      Hex/Erth       41%        N/A       1%          4
 Manifold Assault         Tloc           82%        N/A       1%          4
 Petrify                  Tmut/Erth      82%        N/A       1%          4
 Sticky Flame             Conj/Fire      82%        2d9       1%          4
 Agony                    Necr           82%        N/A       1%          5
 Alistair's Intoxication  Tmut/Pois      54%        N/A       1%          5
 Arcjolt                  Conj/Air       41%        1d51      1%          5
 Borgnjor's Vile Clutch   Necr/Erth      41%        N/A       1%          5
 Irradiate                Conj/Tmut      41%        3d25      1%          5
 Iskenderun's Battlesphe  Conj           82%        2d13      1%          5
 Lee's Rapid Deconstruct  Erth           41%        3d20*     1%          5
 Metabolic Englaciation   Hex/Ice        43%        N/A       1%          5
 Silence                  Hex/Air        41%        N/A       1%          5
 Dispersal                Tloc           41%        N/A       1%          6
 Eringya's Noxious Bog    Tmut/Pois      41%        4d6       1%          6
 Leda's Unmaking          Conj/Erth      41%        9d7       1%          6
 Starburst                Conj/Fire      41%        6d12      1%          6
 Enfeeble                 Hex            42%        N/A       4%          7
 Discord                  Hex            42%        N/A       32%         8
 Ignition                 Fire           41%        3d12      38%         8
 Disjunction              Tloc           41%        N/A       41%         8
 Lehudib's Crystal Spear  Conj/Erth      41%        10d10     41%         8
 Maxwell's Capacitive Co  Air            41%        ∞         41%         8
 Polar Vortex             Ice            44%        12d5*     91%         9
 Fire Storm               Conj/Fire      41%        8d10      100%        9
 Call Imp                 Summ           Unusable   N/A       N/A         2
 Tukima's Dance           Hex            Unusable   N/A       N/A         3
 Call Canine Familiar     Summ           Unusable   N/A       N/A         3
 Animate Armour           Summ/Erth      Unusable   N/A       N/A         4
 Animate Dead             Necr           Unusable   N/A       N/A         4
 Summon Lightning Spire   Summ/Air       Unusable   N/A       N/A         4
 Death Channel            Necr           Unusable   N/A       N/A         6
 Monstrous Menagerie      Summ           Unusable   N/A       N/A         7
 Spellforged Servitor     Conj/Summ      Unusable   N/A       N/A         7
 Summon Hydra             Summ           Unusable   N/A       N/A         7
 Infestation              Necr           Unusable   N/A       N/A         8

Dungeon Overview and Level Annotations

Branches:
Dungeon (15/15)            Temple (1/1) D:5            Lair (5/5) D:8
 Shoals (4/4) Lair:2        Snake (4/4) Lair:2        Slime (0/5) Lair:5
    Orc (2/2) D:12            Elf (3/3) Orc:2        Vaults (5/5) D:13
  Crypt (0/3) Vaults:3     Depths (4/4) D:15            Zot (5/5) Depths:4
 Bailey (visited)          WizLab (visited)         Desolation (visited)

Altars:
Ashenzari
Cheibriados
Dithmenos
Elyvilon
Fedhas
Gozag
Hepliaklqana
Kikubaaqudgha
Makhleb
Nemelex Xobeh
Okawaru
Qazlal
Ru
Sif Muna
Trog
Uskayaw
Vehumet
Wu Jian
Xom
Yredelemnul
Zin
The Shining One
Lugonu

Shops:
D:3 :   D:4 =   D:11 [   D:13 =   D:15 =   Orc:2 ([(*:   Elf:3 =([   Shoals:2 ?
Snake:1 *   Snake:2 *!!   Snake:3 [(   Vaults:1 =   Vaults:2 ?**   Vaults:3 (
Vaults:5 !=   Depths:1 (*(

Portals:
Hell: Depths:1 Depths:2 Depths:3 Depths:4
Abyss: Depths:3
Pandemonium: Depths:1 Depths:2
Ziggurat: Depths:1

Annotations:
D:9 vault
Lair:5 exclusion: 3 oklob plants
Shoals:1 1 runed translucent door, Ifrazul's ghost, journeyman MiFi
Depths:1 3 exclusions
Depths:4 exclusion: 4 draconian stormcallers
Zot:1 2 transporters


Innate Abilities, Weirdness & Mutations

You have very sharp teeth.
Your uncanny sense of smell can sniff out nearby items.
Your experience applies equally to all skills.
Your mind is very acute. (Int +8, Str/Dex -2)
Your magical capacity is very low. (-20% MP)
Your system is resistant to poisons. (rPois)
You occasionally shout uncontrollably at your foes.


Message History

There is a stone staircase leading down here.
There is a stone staircase leading up here.
You climb upwards.
There is a stone staircase leading down here.
There is a stone staircase leading up here.
You climb upwards.
There is a stone staircase leading down here.
There is a stone staircase leading up here.
You climb upwards.
There is a stone staircase leading down here.
There is a stone staircase leading up here.
You climb upwards.
There is a stone staircase leading down here.
There is a stone staircase leading up here.
You climb upwards.
There is a stone staircase leading down here.
There is a stone staircase leading up here.
You climb upwards.
There is a stone staircase leading down here.
A neqoxec comes into view.
There is a stone staircase leading up here.
You shoot a bolt. The bolt hits the neqoxec!!
The bolt freezes the neqoxec.
The neqoxec is severely wounded.
You shoot a bolt. The bolt closely misses the neqoxec.
The neqoxec gestures at you.
Something tries to feed on your intellect!
You shoot a bolt. The bolt hits the neqoxec!
The bolt freezes the neqoxec.
You kill the neqoxec!
Okawaru accepts your kill.
What level of the Dungeon? (default 1, ? - help)
You climb upwards.
There is a stone staircase leading down here.
You see here a +0 club.
There is a stone staircase leading up here.
You climb upwards.
There is a stone staircase leading down here.
You see here 5 stones.
There is an open door here.
There is a staircase leading out of the dungeon here.
You have escaped!

.#.##.#.#.## #.# .#.#.......# #.#
......#.#..#######.#########
..###.#.#............(.....####
..+.....#.#######.########)...#####
..########.### #.# ###.####.....#
..# ##..####'####..## #####.# ..#
###..'...'..### #.. ..##
####.@.#### ### #).####
###..'...'..### # ##....#
##..####'####..## # #....####.###
#.# ###.# # ##.....#..#######.####
### #
.'...................##############
##....########..####.#...........†.
#..÷.##### ##÷# #.#.############
#..).....# #.# #.#.# #######


There were no monsters in sight!

Vanquished Creatures
  3 dread liches (Zot:5)
  5 ancient liches
  6 orbs of fire
  A juggernaut (Depths:1)
  A pandemonium lord (Zot:3)
  Parghit (Depths:4)
  5 Killer Klowns
  Saint Roka (Orc:2)
  5 curse toes
  A caustic shrike (Depths:2)
  12 golden dragons
  Nikola (Elf:3)
  2 bone dragons
  Jorgrun (D:13)
  Rupert (D:13)
  2 electric golems (Zot:5)
  28 Orb Guardians
  A Brimstone Fiend (Zot:3)
  The ghost of Rudyous the Warrior, an adept DsCj of Vehumet (Elf:3)
  2 liches
  2 walking crystal tomes
  A deep elf blademaster (Elf:3)
  11 tentacled monstrosities
  Polyphemus (Shoals:3)
  A kraken (Shoals:2)
  6 quicksilver dragons
  2 tentacled starspawn (Abyss:3)
  6 titans
  4 sphinxes
  A deep elf master archer (Elf:3)
  An Executioner (Abyss:3)
  5 death cobs
  Gastronok (Lair:1)
  An ancient champion (WizLab)
  14 shadow dragons
  11 storm dragons
  Kirke (Shoals:4)
  Donald (Shoals:3)
  5 draconian monks
  4 tengu reavers
  Aizul (Snake:3)
  4 nagarajas (Snake:4)
  8 fire giants
  7 frost giants
  3 draconian knights
  5 draconian scorchers
  6 deep elf sorcerers
  14 vault wardens
  3 imperial myrmidons (Desolation)
  An iron dragon (Vaults:5)
  Louise (Snake:4)
  5 ghost moths
  6 draconian annihilators
  A balrug (Depths:1)
  14 ironbound preservers
  2 orc warlords
  3 spriggan defenders
  16 very ugly things
  7 deep elf elementalists (Elf:3)
  3 draconian stormcallers
  5 draconian shifters
  3 war gargoyles
  4 formless jellyfish
  9 green draconians
  5 vampire knights
  17 stone giants
  A stone giant (shapeshifter) (Depths:1)
  9 black draconians
  9 yellow draconians
  7 deep elf annihilators
  A halazid warlock (Desolation)
  6 ironbound thunderhulks
  5 deep elf demonologists
  A spark wasp (shapeshifter) (Vaults:5)
  3 spark wasps (Depths:2)
  The ghost of Sundig the Blocker, a journeyman GnFi of Gozag (D:13)
  8 red draconians
  8 dire elephants
  10 white draconians
  An eidolon (Vaults:3)
  10 purple draconians
  14 ettins
  7 crystal guardians
  6 deep elf high priests
  An entropy weaver (Vaults:4)
  14 merfolk impalers
  8 deep elf death magi
  8 great orbs of eyes
  9 fire dragons
  9 ice dragons
  7 merfolk javelineers
  13 yaktaur captains
  8 rakshasas
  4 ragged hierophants (Desolation)
  10 servants of whispers (Desolation)
  4 peacekeepers
  8 hydras
  3 ogre magi (D:15)
  2 salamander tyrants (Snake:4)
  7 anacondas
  29 vault guards
  9 ironbound frosthearts
  6 catoblepae
  6 merfolk aquamancers
  A satyr (shapeshifter) (Vaults:5)
  3 spriggan air magi
  13 centaur warriors
  An anaconda (shapeshifter) (Vaults:5)
  4 boulder beetles
  14 two-headed ogres
  4 alligator snapping turtles
  13 naga warriors
  30 dancing weapons
  5 deep troll shamans
  A satyr (Shoals:4)
  4 tengu warriors
  3 death yaks
  5 spriggan berserkers
  7 deep troll earth magi
  3 vampire magi
  An orc high priest (Orc:2)
  14 naga sharpshooters
  4 hell knights
  8 shock serpents
  3 soul eaters
  28 deep elf knights
  3 thrashing horrors
  Amaemon (Lair:3)
  A sun demon (D:15)
  2 wretched stars (Abyss:3)
  Lodul (D:13)
  4 salamander mystics
  20 sea snakes
  11 skeletal warriors
  8 iron trolls
  4 sixfirhies
  4 skysharks
  A flayed ghost (Depths:1)
  3 naga ritualists
  4 shadow demons
  2 tengu zombies
  A golden dragon zombie (Depths:1)
  2 glowing orange brains
  12 ironbound convokers
  An orange crystal statue (Zot:5)
  Pikel (D:6)
  39 deep trolls
  A phantasmal warrior (Vaults:5)
  A golden dragon skeleton (Vaults:5)
  A shadow dragon zombie (Vaults:2)
  17 orc knights
  8 lindwurms
  11 deep elf archers
  16 harpies
  31 deep elf zephyrmancers
  11 necromancers
  7 wizards
  8 mana vipers
  20 salamanders
  31 deep elf pyromancers
  3 large abominations (Abyss:3)
  A wolf spider (D:14)
  22 ugly things
  A stone giant zombie (Vaults:2)
  A fire giant zombie (Vaults:2)
  20 manticores
  12 fauns
  6 orc sorcerers
  A cyclops (shapeshifter) (Vaults:5)
  7 merfolk sirens
  A worldbinder (Abyss:3)
  20 moths of wrath
  7 cyclopes
  15 elephants
  An eye of devastation (shapeshifter) (Vaults:5)
  4 water nymphs
  36 black mambas
  13 guardian serpents
  A molten gargoyle (Desolation)
  22 vault sentinels
  A black mamba (shapeshifter) (Depths:4)
  Maurice (D:9)
  9 torpor snails
  19 naga magi
  8 apocalypse crabs (Zot:4)
  A water nymph (shapeshifter) (D:15)
  8 centaur skeletons (D:12)
  15 cane toads
  Maggie (D:8)
  3 orange demons
  2 rime drakes (Lair:5)
  A kobold demonologist (D:11)
  Psyche (D:8)
  An efreet (D:11)
  A human zombie (Vaults:3)
  An unseen horror (shapeshifter) (D:14)
  20 yaktaurs
  5 ice devils
  2 freezing wraiths
  A hellion (Depths:2)
  10 komodo dragons
  2 red devils (Depths:1)
  11 polar bears
  4 tengu conjurers
  An ancient zyme (Abyss:3)
  A yaktaur skeleton (Vaults:5)
  5 trolls
  2 hellwings
  7 wind drakes
  3 tyrant leeches (Lair:5)
  50 saltlings (Desolation)
  24 merfolk
  A shadow dragon simulacrum (Depths:1)
  Grinder (D:6)
  9 hornets
  31 blink frogs
  2 harpy skeletons (D:12)
  10 snapping turtles
  5 raiju
  7 dream sheep
  2 air elementals (Elf:2)
  A shapeshifter (D:15)
  A shadow (D:10)
  4 vampires (WizLab)
  6 wraiths
  26 water elementals
  39 slime creatures
  A centaur simulacrum (D:13)
  3 ynoxinuls
  An elf zombie (Vaults:5)
  25 yaks
  4 wyverns
  6 basilisks
  2 hogs (Shoals:4)
  4 fire elementals
  19 humans
  A neqoxec (D:3)
  An elf skeleton (Vaults:5)
  3 steam dragons
  Grum (D:8)
  A chaos spawn (Depths:1)
  2 redbacks
  4 wargs (Lair:5)
  A glowing shapeshifter zombie (Depths:1)
  2 small abominations (Abyss:3)
  3 two-headed ogre zombies (WizLab)
  3 vampire mosquitoes (D:13)
  37 nagas
  An acid dragon (D:14)
  Duvessa (D:5)
  14 hell hounds (Lair:5)
  22 water moccasins
  A glowing shapeshifter skeleton (Vaults:3)
  A floating eye (shapeshifter) (Vaults:5)
  A floating eye (Depths:2)
  A swamp drake (D:12)
  53 orc warriors
  2 ice beasts
  14 black bears
  2 sky beasts
  2 boggarts (Depths:4)
  20 ogres
  24 wolves
  10 centaurs
  2 phantoms
  A lemure (D:6)
  A kobold brigand (D:6)
  Blork the orc (D:6)
  23 bullfrogs
  2 gnoll sergeants
  2 earth elementals
  8 wights
  A human skeleton (Vaults:2)
  Dowan (D:5)
  7 troll zombies (WizLab)
  14 killer bees
  8 electric eels
  6 howler monkeys
  A crimson imp (D:10)
  7 centaur zombies
  26 orc priests
  Crazy Yiuf (D:4)
  2 gnoll boudas
  A hound (D:6)
  3 jellies
  A boggart zombie (D:12)
  2 iguanas
  2 sleepcaps
  30 orc wizards
  3 boggart skeletons (D:12)
  A killer bee zombie (D:8)
  8 ogre zombies (WizLab)
  2 howler monkey zombies (D:8)
  19 gnolls
  6 adders
  A white imp (D:8)
  An ufetubus (D:7)
  2 worms (D:2)
  4 dart slugs
  127 orcs
  8 ball pythons
  9 endoplasms
  4 giant cockroaches
  10 goblins
  16 hobgoblins
  11 jackals
  2 quokkas
  4 bats
  8 frilled lizards
  11 kobolds
  2 rats (D:1)
  2 starspawn tentacles (Abyss:3)
2308 creatures vanquished.

Vanquished Creatures (others)
  A draconian scorcher (Zot:5)
  A peacekeeper (Desolation)
  2 deep elf knights (Elf:3)
  A phantasmal warrior (Vaults:5)
  A deep elf archer (Elf:3)
  A raiju (Abyss:3)
  A naga (Snake:3)
  3 ball lightnings (Zot:3)
  4 spectral weapons (Snake:4)
  7 starspawn tentacles (Abyss:3)
  9 tentacles (Shoals:2)
31 creatures vanquished.

Grand Total: 2339 creatures vanquished

Notes
Turn   | Place    | Note
-------+----------+-------------------------------------------
     0 | D:1      | RepHenryClay the Gnoll Hexslinger began the quest for the
                  | Orb.
     0 | D:1      | Reached XP level 1. HP: 17/17 MP: 4/4
    69 | D:1      | Reached XP level 2. HP: 23/23 MP: 5/5
   166 | D:1      | Reached XP level 3. HP: 28/28 MP: 7/7
   227 | D:1      | Reached skill level 1 in Invocations
   406 | D:1      | Reached skill level 1 in Short Blades
   406 | D:1      | Reached skill level 1 in Long Blades
   406 | D:1      | Reached skill level 1 in Axes
   406 | D:1      | Reached skill level 1 in Maces & Flails
   406 | D:1      | Reached skill level 1 in Polearms
   406 | D:1      | Reached skill level 1 in Staves
   406 | D:1      | Reached skill level 1 in Throwing
   406 | D:1      | Reached skill level 1 in Armour
   406 | D:1      | Reached skill level 1 in Stealth
   406 | D:1      | Reached skill level 1 in Shields
   406 | D:1      | Reached skill level 1 in Unarmed Combat
   406 | D:1      | Reached skill level 1 in Evocations
   738 | D:2      | Reached XP level 4. HP: 34/34 MP: 8/8
   761 | D:2      | Reached skill level 1 in Shapeshifting
  1077 | D:2      | Identified the amulet "Dykhihar" {RegenMP rN+ Str+7 Int-2}
  1172 | D:2      | Learned a level 3 spell: Sigil of Binding
  1176 | D:2      | Learned a level 3 spell: Inner Flame
  1383 | D:3      | Reached skill level 1 in Conjurations
  1383 | D:3      | Reached skill level 1 in Summonings
  1383 | D:3      | Reached skill level 1 in Necromancy
  1383 | D:3      | Reached skill level 1 in Translocations
  1383 | D:3      | Reached skill level 1 in Transmutations
  1383 | D:3      | Reached skill level 1 in Ice Magic
  1383 | D:3      | Reached skill level 1 in Air Magic
  1383 | D:3      | Reached skill level 1 in Earth Magic
  1383 | D:3      | Reached skill level 1 in Poison Magic
  1433 | D:3      | Found a sacrificial altar of Ru.
  1746 | D:3      | Found an ornate altar of the Wu Jian Council.
  1804 | D:3      | Found Zauj's Book Emporium.
  1852 | D:3      | Found a hazy altar of Hepliaklqana.
  1860 | D:3      | Found a burning altar of Makhleb.
  1863 | D:3      | Found an ancient bone altar of Kikubaaqudgha.
  1866 | D:3      | Found a blossoming altar of Fedhas.
  1957 | D:4      | Reached XP level 5. HP: 40/40 MP: 9/9
  1959 | D:4      | Noticed a phantom
  1993 | D:3      | Killed a phantom
  1994 | D:3      | Reached skill level 3 in Fighting
  2135 | D:4      | Reached XP level 6. HP: 31/47 MP: 9/11
  2238 | D:4      | Reached skill level 5 in Ranged Weapons
  2238 | D:4      | Reached skill level 5 in Dodging
  2355 | D:4      | Noticed a black bear
  2373 | D:4      | Killed a black bear
  2509 | D:4      | Found Ihucva's Jewellery Shoppe.
  2540 | D:4      | Found a runed translucent door.
  2541 | D:4      | Noticed Crazy Yiuf
  2551 | D:4      | Killed Crazy Yiuf
  2591 | D:5      | Entered Level 5 of the Dungeon
  2641 | D:5      | Reached XP level 7. HP: 52/52 MP: 12/12
  2728 | D:5      | Found a staircase to the Ecumenical Temple.
  2738 | Temple   | Entered the Ecumenical Temple
  2763 | D:5      | Noticed Duvessa
  2763 | D:5      | Noticed Dowan
  2924 | D:5      | Found a glowing golden altar of the Shining One.
  3188 | D:6      | Noticed Grinder
  3195 | D:6      | Learned a level 4 spell: Dimensional Bullseye
  3219 | D:6      | Reached XP level 8. HP: 49/60 MP: 14/14
  3260 | D:6      | Reached skill level 4 in Fighting
  3270 | D:6      | Paralysed by Grinder for 2 turns
  3339 | D:6      | Killed Grinder
  3605 | D:6      | Noticed Pikel
  3623 | D:6      | Killed Pikel
  3624 | D:6      | Reached XP level 9. HP: 48/66 MP: 14/16
  3834 | D:6      | Reached skill level 5 in Spellcasting
  3889 | D:6      | Noticed Blork the orc
  3906 | D:6      | Killed Blork the orc
  4162 | D:7      | Reached skill level 5 in Fighting
  4171 | D:7      | Found an opulent altar of Gozag.
  4394 | D:7      | Learned a level 3 spell: Ignite Poison
  4399 | D:7      | Learned a level 4 spell: Cause Fear
  4427 | D:7      | Reached skill level 5 in Invocations
  4487 | D:7      | Found a flagged portal.
  4503 | Bailey   | Entered a bailey
  4876 | Bailey   | Reached XP level 10. HP: 42/75 MP: 18/18
  4939 | Bailey   | Reached skill level 5 in Short Blades
  4939 | Bailey   | Reached skill level 5 in Long Blades
  4939 | Bailey   | Reached skill level 5 in Axes
  4939 | Bailey   | Reached skill level 5 in Maces & Flails
  4939 | Bailey   | Reached skill level 5 in Polearms
  4939 | Bailey   | Reached skill level 5 in Staves
  4939 | Bailey   | Reached skill level 5 in Throwing
  4939 | Bailey   | Reached skill level 5 in Armour
  4939 | Bailey   | Reached skill level 5 in Stealth
  4939 | Bailey   | Reached skill level 5 in Shields
  4939 | Bailey   | Reached skill level 5 in Unarmed Combat
  4939 | Bailey   | Reached skill level 5 in Evocations
  5037 | Bailey   | Noticed an orc knight
  5143 | Bailey   | Killed an orc knight
  5442 | D:7      | Reached skill level 6 in Fighting
  5901 | D:7      | Reached skill level 5 in Fire Magic
  6171 | D:5      | Found a bloodstained altar of Trog.
  6210 | D:5      | Killed Duvessa
  6210 | D:5      | Killed Dowan
  6331 | D:5      | Found a staircase to the Ecumenical Temple.
  6436 | D:5      | Found a glowing golden altar of the Shining One.
  6809 | D:8      | Reached skill level 5 in Shapeshifting
  6911 | D:8      | Found a staircase to the Lair.
  6961 | D:8      | Noticed Maggie
  6971 | D:8      | Killed Maggie
  6994 | D:8      | Reached skill level 7 in Fighting
  7002 | D:8      | Noticed Grum
  7038 | D:8      | Reached XP level 11. HP: 84/84 MP: 6/20
  7048 | D:8      | Killed Grum
  7049 | D:8      | Reached skill level 5 in Conjurations
  7049 | D:8      | Reached skill level 5 in Summonings
  7049 | D:8      | Reached skill level 5 in Necromancy
  7049 | D:8      | Reached skill level 5 in Translocations
  7049 | D:8      | Reached skill level 5 in Transmutations
  7049 | D:8      | Reached skill level 5 in Ice Magic
  7049 | D:8      | Reached skill level 5 in Air Magic
  7049 | D:8      | Reached skill level 5 in Earth Magic
  7049 | D:8      | Reached skill level 5 in Poison Magic
  7875 | D:3      | Bought a book of Minor Magic for 234 gold pieces
  7879 | D:3      | Learned a level 3 spell: Mephitic Cloud
  8001 | D:8      | Noticed Psyche
  8011 | D:8      | Killed Psyche
  8513 | D:9      | Noticed a two-headed ogre
  8523 | D:9      | Killed a two-headed ogre
  8524 | D:9      | Reached skill level 8 in Fighting
  8867 | D:9      | Noticed Maurice
  8883 | D:9      | Killed Maurice
  9269 | D:10     | Entered Level 10 of the Dungeon
  9494 | D:10     | Found an iron altar of Okawaru.
  9501 | D:10     | Became a worshipper of Warmaster Okawaru
  9651 | D:10     | You fall into a shaft and drop 1 floor!
  9757 | D:11     | Found Ibrank's Antique Armour Emporium.
  9794 | D:10     | Identified the +0 scale mail of Heresy {rF+ Int+5 Dex+2
                  | Stlth-}
  9871 | D:10     | Found a stormy altar of Qazlal.
  9912 | D:10     | Found a glowing silver altar of Zin.
  9932 | D:10     | Reached * piety under Okawaru
  9953 | D:10     | Noticed a wizard
  9967 | D:10     | Killed a wizard
 10179 | D:10     | Found a shimmering blue altar of Sif Muna.
 10226 | D:10     | Found a shadowy altar of Dithmenos.
 10286 | D:10     | Noticed a white ugly thing
 10302 | D:10     | Killed a white ugly thing
 10303 | D:10     | Reached XP level 12. HP: 20/94 MP: 15/23
 10419 | D:10     | Noticed a two-headed ogre
 10423 | D:10     | Killed a two-headed ogre
 10471 | D:10     | Found a broken altar of Ashenzari.
 10634 | D:11     | Reached skill level 9 in Fighting
 10660 | D:11     | Noticed a two-headed ogre
 10666 | D:11     | Reached ** piety under Okawaru
 10693 | D:11     | Killed a two-headed ogre
 11071 | D:11     | Gained mutation: Armour fits poorly on your strangely
                  | shaped body. [a neqoxec]
 11088 | D:11     | Lost mutation: Armour fits poorly on your strangely shaped
                  | body. [potion of mutation]
 11088 | D:11     | Gained mutation: You are vulnerable to heat. (rF-) [potion
                  | of mutation]
 11088 | D:11     | Gained mutation: You are weak. (Str -2) [potion of
                  | mutation]
 11089 | D:11     | Lost mutation: You are vulnerable to heat. (rF-) [potion of
                  | mutation]
 11089 | D:11     | Lost mutation: You are weak. (Str -2) [potion of mutation]
 11089 | D:11     | Gained mutation: Your magical capacity is low. (-10% MP)
                  | [potion of mutation]
 11435 | D:12     | Reached *** piety under Okawaru
 12297 | D:12     | Reached **** piety under Okawaru
 12306 | D:12     | Found a staircase to the Orcish Mines.
 12439 | D:12     | Reached skill level 10 in Fighting
 12535 | D:12     | Reached ***** piety under Okawaru
 12548 | D:12     | Reached XP level 13. HP: 104/104 MP: 22/22
 12557 | D:12     | Found the +9 sword of Zonguldrok {reap}
 12557 | D:12     | Noticed a bone dragon
 12580 | D:12     | Killed a bone dragon
 12580 | D:12     | Received a gift from Okawaru
 12785 | Lair:1   | Entered Level 1 of the Lair of Beasts
 12794 | Lair:1   | Identified the ring "Sentapuy" {rPois rF+}
 12969 | Lair:1   | Identified the +1 pair of boots "Ymofromm" {rC+} (Okawaru
                  | gifted it to you on level 1 of the Lair of Beasts)
 12969 | Lair:1   | Received a gift from Okawaru
 13118 | Lair:1   | Found a runed translucent door.
 13158 | Lair:1   | Noticed Gastronok
 13165 | Lair:1   | Reached skill level 11 in Fighting
 13176 | Lair:1   | Killed Gastronok
 14196 | Lair:1   | Reached skill level 10 in Ranged Weapons
 14196 | Lair:1   | Reached skill level 10 in Dodging
 14450 | Lair:2   | Found a staircase to the Snake Pit.
 14526 | Lair:2   | Reached XP level 14. HP: 61/114 MP: 24/24
 14923 | Lair:2   | Reached skill level 12 in Fighting
 14923 | Lair:2   | Reached skill level 10 in Invocations
 14985 | Lair:2   | Found a staircase to the Shoals.
 15562 | Lair:3   | Received a gift from Okawaru
 15805 | Lair:3   | Identified the +0 plate armour of RepHenryClay's Duty
                  | {*Corrode rPois Regen+ Int+9} (Okawaru gifted it to you on
                  | level 3 of the Lair of Beasts)
 15805 | Lair:3   | Received a gift from Okawaru
 16000 | Lair:3   | Identified the +0 ring mail "Bemigu" {+Blink}
 16070 | Lair:3   | Noticed Amaemon
 16080 | Lair:3   | Killed Amaemon
 16583 | Lair:4   | Found a bloodstained altar of Trog.
 16724 | Lair:4   | Got Fuc Ecvi's Opusculum on Well-Done Changing
 17122 | Lair:5   | Entered Level 5 of the Lair of Beasts
 17122 | Lair:5   | Found a staircase to the Slime Pits.
 17309 | Lair:4   | Reached skill level 10 in Spellcasting
 17918 | Lair:5   | Identified the +4 ring mail of Birdsong {Rampage rN++}
 18194 | Lair:5   | Reached skill level 13 in Fighting
 18205 | Lair:5   | Reached ****** piety under Okawaru
 18206 | Lair:5   | Reached skill level 10 in Hexes
 18260 | Lair:5   | Reached XP level 15. HP: 80/123 MP: 22/26
 18526 | Lair:5   | Reached skill level 10 in Short Blades
 18526 | Lair:5   | Reached skill level 10 in Long Blades
 18526 | Lair:5   | Reached skill level 10 in Axes
 18526 | Lair:5   | Reached skill level 10 in Maces & Flails
 18526 | Lair:5   | Reached skill level 10 in Polearms
 18526 | Lair:5   | Reached skill level 10 in Staves
 18526 | Lair:5   | Reached skill level 10 in Throwing
 18526 | Lair:5   | Reached skill level 10 in Armour
 18526 | Lair:5   | Reached skill level 10 in Stealth
 18526 | Lair:5   | Reached skill level 10 in Shields
 18526 | Lair:5   | Reached skill level 10 in Unarmed Combat
 18526 | Lair:5   | Reached skill level 10 in Evocations
 18646 | Lair:5   | Identified the +1 helmet of Philately {rPois rN+ Will+}
                  | (Okawaru gifted it to you on level 5 of the Lair of Beasts)
 18646 | Lair:5   | Received a gift from Okawaru
 19223 | Lair:5   | Found a runed translucent door.
 19551 | Lair:5   | Paralysed by a hornet for 3 turns
 20031 | Orc:1    | Entered Level 1 of the Orcish Mines
 20625 | Orc:2    | Entered Level 2 of the Orcish Mines
 20779 | Orc:2    | Found Muwocoog's Book Boutique.
 20788 | Orc:2    | Found a staircase to the Elven Halls.
 20801 | Orc:2    | Bought the Unrestrained Analects for 690 gold pieces
 20813 | Orc:1    | Learned a level 4 spell: Olgreb's Toxic Radiance
 21360 | Orc:2    | Found Caros's Antique Weapon Boutique.
 21449 | Orc:2    | Found Afrytoje's General Store.
 21499 | Orc:2    | Bought a scroll of fear for 60 gold pieces
 21667 | Orc:2    | Noticed Saint Roka
 21949 | Orc:2    | Killed Saint Roka
 21949 | Orc:2    | Received a gift from Okawaru
 21950 | Orc:2    | Reached skill level 14 in Fighting
 22072 | Orc:2    | Found Jeahuntu's Antique Weapon Shoppe.
 22074 | Orc:2    | Found Esyirghu's Antique Armour Emporium.
 22089 | Orc:2    | Bought a pair of glowing boots for 180 gold pieces
 22168 | Orc:2    | Bought a Trismegistus Codex for 390 gold pieces
 22174 | Orc:2    | Learned a level 5 spell: Freezing Cloud
 22174 | Orc:2    | Upgraded the game from 0.31-a0-716-gc7603755dd to
                  | 0.31-a0-728-g01b46875f1
 22246 | D:13     | Noticed Rupert
 22246 | D:13     | Found a gate to the Vaults.
 22357 | D:13     | Found Xofirch's Jewellery Shoppe.
 22458 | D:13     | Identified a scroll of acquirement
 22459 | D:13     | Acquired the +2 cloak of Sunlight {rElec Str+5}
 22549 | D:13     | Found a runed translucent gate.
 22549 | D:13     | Found a runed translucent gate.
 22550 | D:13     | Found a runed translucent gate.
 22550 | D:13     | Noticed Lodul
 22551 | D:13     | Found an opulent altar of Gozag.
 22551 | D:13     | Noticed Sundig's ghost (journeyman GnFi)
 22741 | D:13     | Killed Rupert
 22742 | D:13     | Reached XP level 16. HP: 45/133 MP: 2/28
 23330 | D:13     | Noticed Jorgrun
 23429 | D:13     | Killed Lodul
 23663 | Shoals:1 | Entered Level 1 of the Shoals
 23744 | Shoals:1 | Reached skill level 10 in Shapeshifting
 23925 | Shoals:1 | Found an ancient bone altar of Kikubaaqudgha.
 24146 | Shoals:1 | Found a runed translucent door.
 24147 | Shoals:1 | Found a shimmering altar of Xom.
 24147 | Shoals:1 | Noticed Ifrazul's ghost (journeyman MiFi)
 24163 | Shoals:1 | Received a gift from Okawaru
 24403 | Shoals:1 | Identified the +1 halberd of the Present {chaos, rPois
                  | Will+}
 24454 | Shoals:1 | Found a hide-covered altar of Uskayaw.
 24600 | Shoals:1 | Received a gift from Okawaru
 25070 | Shoals:2 | Bought a scroll of fear for 72 gold pieces
 25168 | Shoals:2 | Identified the +2 pair of gloves of Okawaru, Hammering
                  | {Contam Str+5 Dex+2 Stlth+} (Okawaru gifted it to you on
                  | level 2 of the Shoals)
 25168 | Shoals:2 | Received a gift from Okawaru
 25293 | Shoals:2 | Reached skill level 15 in Fighting
 25361 | Shoals:2 | Noticed a kraken
 25389 | Shoals:2 | Killed a kraken
 25511 | Shoals:2 | Identified the +3 leather armour "Datosap" {Regen+ Int+3}
 26457 | Shoals:3 | Reached skill level 10 in Fire Magic
 26506 | Shoals:3 | Noticed Donald
 26595 | Shoals:3 | Killed Donald
 26596 | Shoals:3 | Reached XP level 17. HP: 142/142 MP: 12/29
 26825 | Shoals:3 | Noticed Polyphemus
 26939 | Shoals:3 | Killed Polyphemus
 27099 | Shoals:3 | Identified the +1 broad axe of Muepe {venom, Int+5}
                  | (Okawaru gifted it to you on level 3 of the Shoals)
 27099 | Shoals:3 | Received a gift from Okawaru
 27548 | Shoals:4 | Entered Level 4 of the Shoals
 27563 | Shoals:4 | Noticed Kirke
 27570 | Shoals:4 | Killed Kirke
 27921 | Shoals:4 | Reached skill level 10 in Conjurations
 27921 | Shoals:4 | Reached skill level 10 in Summonings
 27921 | Shoals:4 | Reached skill level 10 in Necromancy
 27921 | Shoals:4 | Reached skill level 10 in Translocations
 27921 | Shoals:4 | Reached skill level 10 in Transmutations
 27921 | Shoals:4 | Reached skill level 10 in Ice Magic
 27921 | Shoals:4 | Reached skill level 10 in Air Magic
 27921 | Shoals:4 | Reached skill level 10 in Earth Magic
 27921 | Shoals:4 | Reached skill level 10 in Poison Magic
 28086 | Shoals:4 | Found Adej's General Store.
 28182 | Shoals:3 | Learned a level 2 spell: Blink
 28289 | Shoals:4 | Got a barnacled rune of Zot
 28326 | Shoals:4 | Received a gift from Okawaru
 28354 | Shoals:4 | Received a gift from Okawaru
 28400 | Shoals:4 | Reached skill level 16 in Fighting
 28730 | Shoals:4 | Identified the +7 flail "Agaduvo Tips" {freeze, Drain rCorr
                  | MP+9 Stlth+}
 28974 | Shoals:4 | Received a gift from Okawaru
 29198 | Snake:1  | Entered Level 1 of the Snake Pit
 29402 | Snake:1  | Found Rullas's Overcharged Wands.
 29530 | Snake:1  | Received a gift from Okawaru
 30106 | Snake:1  | Identified the +3 leather armour of Carhei Neim {Str+4}
 30557 | Snake:2  | Found Ymaom Tol's Distillery.
 30563 | Snake:2  | Received a gift from Okawaru
 30655 | Snake:2  | Reached XP level 18. HP: 152/152 MP: 27/31
 30755 | Snake:2  | Found Xogibb's Distillery.
 30766 | Snake:2  | Bought a potion of heal wounds for 90 gold pieces
 30814 | Snake:2  | Found Xanish's General Store.
 30886 | Snake:2  | Bought a scroll of teleportation for 42 gold pieces
 30886 | Snake:2  | Bought a scroll of brand weapon for 133 gold pieces
 30886 | Snake:2  | Bought a scroll of fear for 56 gold pieces
 31307 | Snake:2  | Found a gateway to a bazaar.
 31829 | Bazaar   | Entered a bazaar
 31829 | Bazaar   | Found Jiufelo's Weapon Boutique.
 31829 | Bazaar   | Found Noecin's Book Shop.
 31829 | Bazaar   | Found Gynia's General Store.
 31831 | Bazaar   | Found Xafimyim's Book Emporium.
 31896 | Bazaar   | Bought a scroll of blinking for 67 gold pieces
 31896 | Bazaar   | Bought a scroll of blinking for 67 gold pieces
 32296 | Snake:3  | Noticed Aizul
 32302 | Snake:3  | Received a gift from Okawaru
 32339 | Snake:3  | Killed Aizul
 32549 | Snake:3  | Found Nearoo Caez's Antique Armour Emporium.
 32558 | Snake:3  | Bought a glowing buckler for 232 gold pieces
 32727 | Snake:3  | Found Dacia's Weapon Shoppe.
 33008 | Snake:4  | Entered Level 4 of the Snake Pit
 33342 | Snake:4  | Reached skill level 17 in Fighting
 33522 | Snake:4  | Identified the +2 robe of Refuge {Will+ Str+2}
 33551 | Snake:4  | Received a gift from Okawaru
 33736 | Snake:4  | Received a gift from Okawaru
 33899 | Snake:4  | Received a gift from Okawaru
 34396 | Snake:4  | Got a serpentine rune of Zot
 34609 | Snake:4  | Noticed Louise
 34638 | Snake:4  | Killed Louise
 34648 | Snake:4  | Reached XP level 19. HP: 161/161 MP: 28/32
 34731 | Snake:4  | Identified the +1 plate armour of Amorality {Fly rPois rF+
                  | Int-5} (Okawaru gifted it to you on level 4 of the Snake
                  | Pit)
 34731 | Snake:4  | Received a gift from Okawaru
 35333 | Elf:1    | Entered Level 1 of the Elven Halls
 36789 | Elf:2    | Identified the ring "Yluxt" {Wiz rPois Int+3}
 36867 | Elf:2    | Found a runed translucent gate.
 36867 | Elf:2    | Found a runed translucent gate.
 36867 | Elf:2    | Found a runed translucent gate.
 36894 | Elf:2    | Paralysed by an air elemental for 1 turns
 37122 | Elf:2    | Received a gift from Okawaru
 37248 | Elf:2    | Reached skill level 18 in Fighting
 37254 | Abyss:3  | Cast into level 3 of the Abyss (a deep elf sorcerer)
 37298 | Abyss:3  | Noticed a bone dragon
 37406 | Abyss:3  | Noticed a tentacled monstrosity
 37450 | Abyss:3  | Received a gift from Okawaru
 37547 | Abyss:3  | Found a corrupted altar of Lugonu.
 37621 | Abyss:3  | Noticed a bone dragon
 37655 | Abyss:3  | Identified the +2 pair of boots of Orthodoxy {-Cast Harm
                  | Str+5} (Okawaru gifted it to you on level 3 of the Abyss)
 37655 | Abyss:3  | Received a gift from Okawaru
 37866 | Elf:2    | Escaped the Abyss
 38017 | Elf:2    | Found a corrupted altar of Lugonu.
 38350 | Elf:2    | Reached XP level 20. HP: 172/172 MP: 30/34
 38933 | Elf:3    | Entered Level 3 of the Elven Halls
 38934 | Elf:3    | Found the +27 heavy crossbow "Sniper" {heavy, Acc+∞ SInv}
 38970 | Elf:3    | Found Xuvail's Jewellery Shop.
 38995 | Elf:3    | Found Naipn's Armour Emporium.
 38995 | Elf:3    | Found Xiolumi's Antique Weapon Shoppe.
 39083 | Elf:3    | Reached skill level 15 in Invocations
 39408 | Shoals:2 | Upgraded the game from 0.31-a0-728-g01b46875f1 to
                  | 0.31-a0-744-gbc345e7fcb
 39408 | Shoals:2 | Upgraded the game from 0.31-a0-744-gbc345e7fcb to
                  | 0.31-a0-750-gfe7b580527
 39592 | Vaults:1 | Entered Level 1 of the Vaults
 39766 | Vaults:1 | Found Junerate's Jewellery Shoppe.
 39780 | Vaults:1 | Bought the ring of Wofip {rF+ rN+ rCorr} for 475 gold
                  | pieces
 39799 | Vaults:1 | Received a gift from Okawaru
 41294 | Vaults:1 | Identified the +1 robe of Awym {rF+++ Will++ Dex-4}
                  | (Okawaru gifted it to you on level 1 of the Vaults)
 41294 | Vaults:1 | Received a gift from Okawaru
 41545 | Vaults:2 | Reached skill level 19 in Fighting
 41565 | Vaults:2 | Found Ureu's Magic Scroll Emporium.
 41578 | Vaults:2 | Found Hymig's Assorted Antiques.
 41663 | Vaults:2 | Found Myriliwk's Assorted Antiques.
 41693 | Vaults:2 | Found a crumbling gateway.
 41859 | Desolati | Entered the Desolation of Salt
 42874 | Desolati | Reached skill level 15 in Ranged Weapons
 42874 | Desolati | Reached skill level 15 in Dodging
 42972 | Desolati | Identified the +8 falchion "Woss" {flame, rPois}
 42988 | Desolati | Got the Papyrus of the Unlucky Damned
 43395 | Desolati | Reached XP level 21. HP: 167/180 MP: 35/35
 43660 | Desolati | Identified the ring of Xerghippeics {+Blink rElec rF+ rCorr
                  | Str-3}
 43952 | Desolati | Found the +10 tower shield of Ignorance {rN+ Int-4}
 43957 | Desolati | Got the Discourse on Snow and the Discharge
 43965 | Desolati | Got the Anthology of Spellbinding and the Grave
 44142 | Desolati | Found the +10 Black Knight's barding {ponderous, rPois rN+}
 44148 | Desolati | Identified the ring "Logoq" {Will+ Str-5 Int+4}
 44675 | Vaults:2 | Received a gift from Okawaru
 44740 | Vaults:2 | Found the +7 great mace "Undeadhunter" {deathbane, rN+}
 45187 | Vaults:2 | You are sucked into a shaft and drop 2 floors!
 45355 | Vaults:4 | Found a magical portal.
 45360 | WizLab   | Entered Zonguldrok's Shrine
 45669 | WizLab   | Noticed an antique lich
 45674 | WizLab   | Identified the +7 double sword of Ytrostrirph {pain, rElec
                  | Str+7 Int+6}
 45731 | WizLab   | Killed an antique lich
 46014 | Vaults:4 | Reached skill level 15 in Spellcasting
 46042 | Vaults:4 | Received a gift from Okawaru
 47040 | Vaults:3 | Reached skill level 20 in Fighting
 47297 | Vaults:3 | Paralysed by a formless jellyfish for 1 turns
 47393 | Vaults:3 | Identified the +1 short sword of Courage {pain, Will+}
                  | (Okawaru gifted it to you on level 3 of the Vaults)
 47393 | Vaults:3 | Received a gift from Okawaru
 47492 | Vaults:3 | Found Awavihauce's Weapon Emporium.
 47723 | Vaults:3 | Found a staircase to the Crypt.
 47734 | Vaults:3 | Reached skill level 15 in Short Blades
 47734 | Vaults:3 | Reached skill level 15 in Long Blades
 47734 | Vaults:3 | Reached skill level 15 in Axes
 47734 | Vaults:3 | Reached skill level 15 in Maces & Flails
 47734 | Vaults:3 | Reached skill level 15 in Polearms
 47734 | Vaults:3 | Reached skill level 15 in Staves
 47734 | Vaults:3 | Reached skill level 15 in Throwing
 47734 | Vaults:3 | Reached skill level 15 in Armour
 47734 | Vaults:3 | Reached skill level 15 in Stealth
 47734 | Vaults:3 | Reached skill level 15 in Shields
 47734 | Vaults:3 | Reached skill level 15 in Unarmed Combat
 47734 | Vaults:3 | Reached skill level 15 in Evocations
 48037 | Vaults:3 | Reached XP level 22. HP: 190/190 MP: 37/37
 48121 | Vaults:3 | Found the +6 lightning scales {swift, rElec}
 48248 | Vaults:3 | Got the Handbook of the Feathery Comitatus
 48661 | Vaults:2 | Received a gift from Okawaru
 48985 | Vaults:2 | Received a gift from Okawaru
 49206 | Vaults:2 | Received a gift from Okawaru
 49880 | Elf:3    | Noticed Nikola
 49893 | Elf:3    | Killed Nikola
 50568 | Elf:3    | Found a runed translucent door.
 50570 | Elf:3    | Noticed Rudyous's ghost (adept DsCj)
 50851 | Elf:3    | Killed Rudyous's ghost
 51214 | Elf:3    | Received a gift from Okawaru
 51242 | Elf:3    | Identified the amulet of Rurit {Reflect SH+5 Stlth+}
 51444 | Elf:3    | Identified the +0 chain mail of Erourus {*Corrode Will+
                  | Regen+ Dex+7}
 51465 | Elf:3    | Received a gift from Okawaru
 51524 | Elf:3    | Identified the ring of Rownu {rN+ Str+8 Int+3}
 51538 | Elf:3    | Identified the +6 mace of Shrieking Terror {heavy, rElec
                  | Will- Str+3}
 51600 | Elf:3    | Identified the +4 quarterstaff "Honont" {heavy, Will+++}
 51967 | Vaults:2 | Bought a spiked scale mail for 378 gold pieces
 51967 | Vaults:2 | Identified the +6 scale mail of the Tired Leylines {rCorr}
                  | (You bought it in a shop on level 2 of the Vaults)
 52122 | D:13     | Killed Sundig's ghost
 52129 | D:13     | Killed Jorgrun
 52377 | D:13     | Found a gate to the Vaults.
 52503 | D:13     | Found Xofirch's Jewellery Shoppe.
 52813 | D:14     | Found a white marble altar of Elyvilon.
 52864 | D:14     | Received a gift from Okawaru
 53514 | D:14     | Reached skill level 21 in Fighting
 53670 | D:15     | Entered Level 15 of the Dungeon
 53670 | D:15     | Found Eclioll's Jewellery Boutique.
 53675 | D:14     | Received a gift from Okawaru
 53793 | D:15     | Received a gift from Okawaru
 53796 | D:15     | Reached XP level 23. HP: 200/200 MP: 38/38
 53866 | D:15     | Identified the +5 scale mail "Wucovog" {Str+3 Dex+4}
 53955 | D:15     | Received a gift from Okawaru
 54228 | D:15     | Found a staircase to the Depths.
 54503 | Depths:1 | Entered Level 1 of the Depths
 54508 | Depths:1 | Received a gift from Okawaru
 54644 | Depths:1 | Found a transporter.
 54646 | Depths:1 | Found Puoseny's Assorted Antiques.
 54766 | Depths:1 | Found a one-way gateway to a ziggurat.
 54769 | Depths:1 | Found a gateway to Hell.
 54820 | Depths:1 | Found a one-way gate leading to the halls of Pandemonium.
 55129 | Depths:1 | Found a transporter.
 55140 | Depths:1 | Found an opulent altar of Gozag.
 55565 | Depths:1 | Noticed a golden dragon
 55570 | Depths:1 | Killed a golden dragon
 55600 | Depths:1 | Received a gift from Okawaru
 55779 | Depths:1 | Noticed a juggernaut
 55783 | Depths:1 | Killed a juggernaut
 55967 | Depths:1 | Found Waturah's Weapon Boutique.
 56141 | Depths:1 | Found Zunwaf's Antique Weapon Shop.
 56176 | Depths:1 | Bought a scroll of fear for 144 gold pieces
 56176 | Depths:1 | Bought a scroll of enchant armour for 270 gold pieces
 56299 | Depths:2 | Reached skill level 15 in Ice Magic
 56609 | Depths:2 | Received a gift from Okawaru
 56869 | Depths:2 | Noticed a golden dragon
 56877 | Depths:2 | Killed a golden dragon
 57163 | Depths:2 | Reached skill level 15 in Shapeshifting
 57658 | Depths:2 | Learned a level 4 spell: Iskenderun's Mystic Blast
 57665 | Depths:2 | Learned a level 6 spell: Plasma Beam
 57673 | Depths:2 | Learned a level 7 spell: Ozocubu's Refrigeration
 57678 | Depths:2 | Learned a level 4 spell: Vhi's Electric Charge
 57684 | Depths:2 | Noticed a caustic shrike
 57687 | Depths:2 | Killed a caustic shrike
 57698 | Depths:2 | Received a gift from Okawaru
 57952 | Depths:2 | Identified the ring of Mistrust {rElec Str+2 Int+6 Dex+3}
 58722 | Depths:2 | Reached XP level 24. HP: 79/210 MP: 36/39
 59299 | Depths:2 | Reached skill level 22 in Fighting
 59978 | Depths:3 | Found a one-way gate to the infinite horrors of the Abyss.
 60299 | Depths:3 | Reached skill level 15 in Hexes
 60900 | Depths:3 | Identified the +3 pair of boots of Objectivity {Contam rC++
                  | rN+ Regen+} (Okawaru gifted it to you on level 3 of the
                  | Depths)
 60900 | Depths:3 | Received a gift from Okawaru
 61341 | Depths:3 | Found a basalt altar of Yredelemnul.
 61386 | Depths:4 | Entered Level 4 of the Depths
 61724 | Depths:4 | Noticed Parghit
 61744 | Depths:4 | Killed Parghit
 61939 | Depths:4 | Found a gate to the Realm of Zot.
 61968 | Depths:4 | Identified the +6 chain mail "Detrat" {Dex+4}
 62460 | Shoals:2 | Bought a scroll of enchant armour for 135 gold pieces
 62765 | Vaults:5 | Entered Level 5 of the Vaults
 62794 | Vaults:5 | Identified the +9 spear of Sedghyfist {heavy, rElec Dex+4}
                  | (Okawaru gifted it to you on level 5 of the Vaults)
 62794 | Vaults:5 | Received a gift from Okawaru
 63004 | Vaults:5 | Found the +7 captain's cutlass {speed, disarm}
 63126 | Vaults:5 | Got a silver rune of Zot
 63131 | Vaults:5 | Identified the +2 falchion of Dissatisfaction {venom, Fly
                  | Int-3 Dex+4}
 63152 | Vaults:5 | Got the Anthology of the Boar
 63257 | Vaults:5 | Reached XP level 25. HP: 219/219 MP: 39/39
 63583 | Vaults:5 | Identified the +8 short sword of the Nurturing Fulmar
                  | {vamp, Dex+3} (Okawaru gifted it to you on level 5 of the
                  | Vaults)
 63583 | Vaults:5 | Received a gift from Okawaru
 63736 | Vaults:5 | Identified the orb of Reason {*channel, Harm rF- rN++
                  | Str+3}
 63902 | Vaults:5 | Reached skill level 23 in Fighting
 64040 | Vaults:5 | Found Gaexzus's Distillery.
 64093 | Vaults:5 | Noticed an ancient lich
 64102 | Vaults:5 | Killed an ancient lich
 64116 | Vaults:5 | Received a gift from Okawaru
 64523 | Vaults:5 | Found Weadees's Jewellery Shop.
 64828 | Zot:1    | Entered Level 1 of the Realm of Zot
 64917 | Zot:1    | Found a transporter.
 65059 | Zot:1    | Identified the +9 chain mail "Noosock" {rF++}
 65093 | Zot:1    | Found a transporter.
 66129 | Zot:2    | Received a gift from Okawaru
 66130 | Zot:2    | Reached skill level 15 in Fire Magic
 66245 | Zot:2    | Noticed a Killer Klown
 66257 | Zot:2    | Killed a Killer Klown
 66871 | Zot:3    | Received a gift from Okawaru
 66991 | Zot:3    | Noticed a Killer Klown
 67162 | Zot:3    | Killed a Killer Klown
 67162 | Zot:3    | Received a gift from Okawaru
 67224 | Zot:3    | Reached skill level 15 in Conjurations
 67224 | Zot:3    | Reached skill level 15 in Summonings
 67224 | Zot:3    | Reached skill level 15 in Necromancy
 67224 | Zot:3    | Reached skill level 15 in Translocations
 67224 | Zot:3    | Reached skill level 15 in Transmutations
 67224 | Zot:3    | Reached skill level 15 in Air Magic
 67224 | Zot:3    | Reached skill level 15 in Earth Magic
 67224 | Zot:3    | Reached skill level 15 in Poison Magic
 67552 | Zot:3    | Noticed an orb of fire
 67553 | Zot:3    | Gained mutation: You are strong-willed. (Will+) [an orb of
                  | fire]
 67554 | Zot:3    | Gained mutation: You are dopey. (Int -2) [an orb of fire]
 67559 | Zot:3    | Killed an orb of fire
 67560 | Zot:3    | Reached XP level 26. HP: 217/230 MP: 34/40
 68536 | Zot:4    | Received a gift from Okawaru
 69159 | Zot:4    | Reached skill level 24 in Fighting
 69324 | Zot:5    | Entered Level 5 of the Realm of Zot
 70130 | Zot:5    | Noticed a dread lich
 70177 | Zot:5    | Killed a dread lich
 70693 | Zot:5    | Noticed a Killer Klown
 70700 | Zot:5    | Killed a Killer Klown
 70700 | Zot:5    | Noticed an orb of fire
 70711 | Zot:5    | Gained mutation: You sometimes lose your temper in combat.
                  | [an orb of fire]
 70712 | Zot:5    | Killed an orb of fire
 70712 | Zot:5    | Identified the +1 pair of boots "Kuaxe" {rC+ Int+4 Stlth+}
                  | (Okawaru gifted it to you on level 5 of the Realm of Zot)
 70712 | Zot:5    | Received a gift from Okawaru
 70737 | Zot:5    | Lost mutation: You sometimes lose your temper in combat.
                  | [potion of mutation]
 70737 | Zot:5    | Lost mutation: You are dopey. (Int -2) [potion of mutation]
 70737 | Zot:5    | Gained mutation: You occasionally lose the ability to read
                  | scrolls when taking damage. [potion of mutation]
 70737 | Zot:5    | Gained mutation: Your mind is acute. (Int +4, Str/Dex -1)
                  | [potion of mutation]
 70844 | Zot:5    | Noticed an ancient lich
 70850 | Zot:5    | Noticed an ancient lich
 70857 | Zot:5    | Killed an ancient lich
 70861 | Zot:5    | Killed an ancient lich
 70959 | Zot:5    | Reached XP level 27. HP: 229/240 MP: 40/40
 71038 | Zot:5    | Noticed an orb of fire
 71039 | Zot:5    | Noticed an orb of fire
 71045 | Zot:5    | Paralysed by a Zot trap for 3 turns
 71045 | Zot:5    | Noticed a dread lich
 71107 | Zot:5    | Noticed an orb of fire
 71148 | Zot:5    | Noticed an orb of fire
 71157 | Zot:5    | Killed an orb of fire
 71159 | Zot:5    | Gained mutation: Your magical capacity is very low. (-20%
                  | MP) [an orb of fire]
 71162 | Zot:5    | Killed an orb of fire
 71233 | Zot:5    | Noticed an ancient lich
 71233 | Zot:5    | Gained mutation: You occasionally shout uncontrollably at
                  | your foes. [an orb of fire]
 71242 | Zot:5    | Killed an orb of fire
 71250 | Zot:5    | Noticed a dread lich
 71267 | Zot:5    | Killed an ancient lich
 71274 | Zot:5    | Killed a dread lich
 71324 | Zot:5    | Killed an orb of fire
 71612 | Zot:5    | Killed a dread lich
 72426 | Zot:5    | Lost mutation: You are strong-willed. (Will+) [potion of
                  | mutation]
 72426 | Zot:5    | Lost mutation: You occasionally lose the ability to read
                  | scrolls when taking damage. [potion of mutation]
 72426 | Zot:5    | Gained mutation: Your system is resistant to poisons.
                  | (rPois) [potion of mutation]
 72426 | Zot:5    | Gained mutation: Your mind is very acute. (Int +8, Str/Dex
                  | -2) [potion of mutation]
 72428 | Zot:5    | Got the Orb of Zot
 72466 | Zot:4    | Noticed Dadadume the pandemonium lord
 72466 | Zot:4    | Noticed an ancient lich
 72475 | Zot:3    | Killed Dadadume the pandemonium lord
 72476 | Zot:3    | Reached skill level 25 in Fighting
 72643 | Depths:1 | Received a gift from Okawaru
 72921 | D:$      | Escaped with the Orb!

Illustrated notes

Levels and vault maps discovered:
D:1:      dpeg_arrival_radiant, layout_basic
D:2:      layout_loops_ring
D:3:      layout_basic, mainiacjoe_overflow_cross_hatched,
          mainiacjoe_overflow_six_doors_small, grunt_temple_overflow_cloverleaf,
          serial_shops, nicolae_shop_hallway_plus
D:4:      layout_rooms, serial_shops, shop, st_stairs_1,
          kennysheep_cross_bottleneck, uniq_crazy_yiuf_cottage
D:5:      layout_rooms, lemuel_doored_altar, trog_book,
          minmay_temple_entry_antechambers, uniq_duvessa
D:6:      layout_loops_ring, uniq_blork_the_orc, uniq_pikel, uniq_grinder
D:7:      layout_basic, old_standard_altar, enter_bailey_5
D:8:      layout_basic, due_lair_maze_entry_diamond, serial_undead,
          serial_undead_f, serial_undead_a, serial_undead_f, serial_undead_c,
          uniq_grum, uniq_psyche, uniq_maggie
D:9:      layout_rooms, lightli_corner_chamber, uniq_maurice
D:10:     layout_irregular_city, mainiacjoe_overflow_boulevard,
          nicolae_dithmenos_shadow_blocks, mainiacjoe_overflow_tiny_flanked,
          okawaru_humans, zin_statuary, general_overflow_altar,
          lightli_wizard_tower
D:11:     layout_loops_corners, serial_shops, nicolae_shop_stone
D:12:     layout_rooms, erik_orc_1, minmay_guarded_unrand_zonguldrok
D:13:     layout_long_grid, david_vaults_3, serial_shops,
          nicolae_shop_tiny_glass, ebering_ghost_gozag, hive_lemuel, uniq_lodul,
          uniq_jorgrun
D:14:     layout_basic, elyvilon_altar_5
D:15:     hangedman_depths_entry_try_elsewhere_first, layout_basic,
          hangedman_decor_clover_reticule, serial_shops, shop,
          reono_crystal_passage
Temple:   nicolae_temple_ecumenical_triangle
Lair:1:   gammafunk_lair_enchanted_lake, layout_regular_city,
          lemuel_fruit_fields, grunt_megastairs_3, lemuel_fruit_tree,
          uniq_gastronok
Lair:2:   layout_regular_city, minmay_shoals_entry_centaurs,
          guppyfry_snake_entry_garden, fungi_pond_lemuel,
          infiniplex_staircase_pool
Lair:3:   layout_cave_pods, st_stairs_9, uniq_amaemon
Lair:4:   layout_gridlike, basic_altar
Lair:5:   hangedman_lair_caniforms_friends, layout_misc_corridors, wormcave,
          minmay_slime_entry_oklob_open
Shoals:1: layout_shoals, ebering_ghost_xom, hangedman_feature_mirror,
          nicolae_shoals_pincushion_passage
Shoals:2: layout_shoals, serial_shops, shop, nicolae_shoals_lost_giant_pillars
Shoals:3: layout_shoals, uniq_polyphemus, uniq_donald
Shoals:4: shoals_end_simple, layout_shoals, serial_shops,
          nicolae_shop_tiny_waterfront, nicolae_shoals_lost_giant_hut,
          uniq_kirke
Snake:1:  layout_chambers, nicolae_shop_overcharged_wands, grunt_megastairs_2,
          serial_bayou_shore_a
Snake:2:  layout_layer_cave, serial_shops, bzr_in_the_mist,
          nicolae_shop_industrial_runoff, shop, shop, serial_bayou_lagoon_a
Snake:3:  nicolae_snake_shooting_gallery, layout_onion, serial_shops, shop,
          nicolae_shop_hallway_stairs, nrook_guardian_serpent_double, uniq_aizul
Snake:4:  johnstein_snake_rune_scales, layout_chambers, uniq_louise
Orc:1:    layout_caves, nicolae_orc_tapped_out
Orc:2:    grunt_orc_community_town_hall, layout_caves,
          grunt_orc_community_big_house_2, grunt_orc_community_big_house_1,
          grunt_orc_community_house_1, grunt_orc_community_house_2,
          grunt_orc_community_house_3, grunt_orc_community_house_2,
          grunt_orc_community_house_2, serial_shops, shop
Elf:1:    layout_loops_cross, hangedman_elven_crosses_minicolossus,
          grunt_megastairs_4
Elf:2:    elven_hall_of_blades_hangedman_original [mumra_blade_entry_dagger],
          layout_onion_city, nicolae_elf_theology_debate
Elf:3:    minmay_elf_hall_curves, layout_onion_city, serial_shops, shop,
          ebering_ghost_inner_flame, minmay_shoptagon, uniq_nikola
Vaults:1: vaults_room_grunt_arrival_ludios, ontoclasm_vaults_shuriken,
          nicolae_vaults_closet_pinwheel_5, nicolae_vaults_closet_pinwheel_1,
          nicolae_vaults_closet_pinwheel_2, nicolae_vaults_tetromino_L_1,
          layout_vaults_quadrants, serial_shops, shop
Vaults:2: portal_desolation_entry_nicolae_slug, v_misc_26,
          vaults_room_fancy_cross, v_alt_pattern_6,
          nicolae_vaults_storage_room_glass, hangedman_vaults_slice,
          nicolae_vaults_offset_grid_hallway_3, v_misc_27,
          nicolae_vaults_trapezoid_layered,
          vaults_standard_mumra_enter_the_diamond, nicolae_vaults_tetromino_T_1,
          layout_vaults_omnicross, serial_shops, nicolae_shop_rolling_square,
          shop, shop
Vaults:3: nicolae_vaults_closet_pinwheel_2, nicolae_vaults_wine_cellar,
          nicolae_vaults_closet_pinwheel_5, nicolae_vaults_tetromino_T_2,
          nicolae_vaults_ninety_degrees, minmay_crypt_entry_simple_plaza,
          grunt_vaults_trifunnel, nicolae_vaults_layer_cake_slice,
          vaults_room_hangedman_quadrants, layout_vaults_omnibox, serial_shops,
          nicolae_shop_tiny_statue_garden
Vaults:4: mu_enter_wizlab_1, nicolae_vaults_double_plus_1,
          nicolae_vaults_tangram_1, grunt_vaults_swirl, ontoclasm_vaults_spin,
          nicolae_vaults_hexular_roomagon, nicolae_vaults_trapezoid_lopsided_3,
          vaults_room_boxed, nicolae_vaults_variable_pillar_hall,
          nicolae_vaults_network_barrier, grunt_vaults_funnel,
          nicolae_vaults_house_1, nicolae_vaults_sightless_eye,
          layout_vaults_maze_bifur, uniq_saint_roka
Vaults:5: serial_shops
Depths:1: hangedman_cross_veins, layout_basic, enter_ziggurat_c, basic_altar,
          grunt_pan_entry_zigzag, serial_shops, shop, nicolae_shop_drivethru,
          shop, serial_glass, glass_columns_b, glass_columns_a, hell_entry,
          st_stairs_12, grunt_ministairs_15
Depths:2: kennysheep_four_of_diamonds, layout_basic, grunt_pan_entry_spiral,
          hell_entry, minmay_misc_feat_hallway
Depths:3: kennysheep_bubbly, layout_cave_pools, hell_entry,
          hangedman_abyss_entry_splay, yredelemnul_altar_generic, minivault_21,
          grunt_ministairs_1, minmay_staircase_statues
Depths:4: evilmike_zot_entry_argh, layout_cave_pools, hell_entry,
          nicolae_keep_em_comin, uniq_parghit
Zot:1:    gammafunk_its_a_trap, layout_basic
Zot:2:    layout_gridlike
Zot:3:    layout_gridlike
Zot:4:    gammafunk_mikee_crab_dinner, layout_onion_interference
Zot:5:    layout_misc_corridors, st_stairs_4, kennysheep_underground_church

Skill      XL: |  1  2  3  4  5  6  7  8  9 10 11 12 13 14 15 16 17 18 19 20 21 22 23 24 25 26 27 |
---------------+----------------------------------------------------------------------------------+-----
Fire Magic     | 2 3 4 5 6 7 8 9 10 11 12 13 14 15 16 | 16.0
Invocations    | 1 2 3 4 5 6 7 8 9 10 11 12 13 14 15 16 17 18 19 20 | 20.2
Short Blades   | 1 2 3 4 5 6 8 9 10 11 12 13 14 15 16 17 18 | 18.7
Long Blades    | 1 2 3 4 5 6 8 9 10 11 12 13 14 15 16 17 18 | 18.7
Axes           | 1 2 3 4 5 6 8 9 10 11 12 13 14 15 16 17 18 | 18.7
Maces & Flails | 1 2 3 4 5 6 8 9 10 11 12 13 14 15 16 17 18 | 18.7
Polearms       | 1 2 3 4 5 6 8 9 10 11 12 13 14 15 16 17 18 | 18.7
Staves         | 1 2 3 4 5 6 8 9 10 11 12 13 14 15 16 17 18 | 18.7
Throwing       | 1 2 3 4 5 6 8 9 10 11 12 13 14 15 16 17 18 | 18.7
Armour         | 1 2 3 4 5 6 8 9 10 11 12 13 14 15 16 17 18 | 18.7
Stealth        | 1 2 3 4 5 6 8 9 10 11 12 13 14 15 16 17 18 | 18.7
Shields        | 1 2 3 4 5 6 8 9 10 11 12 13 14 15 16 17 18 | 18.7
Unarmed Combat | 1 2 3 4 5 6 8 9 10 11 12 13 14 15 16 17 18 | 18.7
Evocations     | 1 2 3 4 5 6 8 9 10 11 12 13 14 15 16 17 18 | 18.7
Shapeshifting  | 1 2 3 4 5 6 7 8 9 10 11 12 13 14 15 16 17 | 17.2
Spellcasting   | 3 4 5 6 7 8 9 10 11 12 13 14 15 16 17 18 | 18.9
Conjurations   | 1 2 3 4 5 6 7 8 9 10 11 12 13 14 15 | 15.9
Summonings     | 1 2 3 4 5 6 7 8 9 10 11 12 13 14 15 | 15.9
Necromancy     | 1 2 3 4 5 6 7 8 9 10 11 12 13 14 15 | 15.9
Translocations | 1 2 3 4 5 6 7 8 9 10 11 12 13 14 15 | 15.9
Transmutations | 1 2 3 4 5 6 7 8 9 10 11 12 13 14 15 | 15.9
Ice Magic      | 1 2 3 4 5 6 7 8 9 10 11 12 13 14 15 16 17 18 | 18.8
Air Magic      | 1 2 3 4 5 6 7 8 9 10 11 12 13 14 15 | 15.9
Earth Magic    | 1 2 3 4 5 6 7 8 9 10 11 12 13 14 15 | 15.9
Poison Magic   | 1 2 3 4 5 6 7 8 9 10 11 12 13 14 15 | 15.9
Fighting       | 3 4 5 7 8 10 11 13 14 15 16 17 18 19 20 21 22 23 24 25 | 25.0
Ranged Weapons | 5 6 7 8 9 10 11 12 13 14 15 16 17 18 19 | 19.1
Dodging        | 5 6 7 8 9 10 11 12 13 14 15 16 17 18 19 | 19.1
Hexes          | 6 7 8 9 10 11 12 13 14 15 16 | 16.7

Action                     |  1- 3 |  4- 6 |  7- 9 | 10-12 | 13-15 | 16-18 | 19-21 | 22-24 | 25-27 || total
---------------------------+-------+-------+-------+-------+-------+-------+-------+-------+-------++-------
  Melee: Sling             |       |       |     1 |       |       |       |       |       |       ||     1
         Whip              |       |       |       |   424 |       |       |       |       |       ||   424
         Mace              |       |       |       |    38 |       |       |       |       |       ||    38
         Bite              |       |       |       |   110 |   281 |   253 |   311 |   118 |   173 ||  1246
         Punch             |       |       |       |    49 |   141 |    39 |       |    22 |       ||   251
         Morningstar       |       |       |       |   191 |    26 |       |       |       |       ||   217
         Dagger            |       |       |       |    13 |       |       |       |       |       ||    13
         Flail             |       |       |       |    52 |   216 |       |       |       |       ||   268
         Double sword      |       |       |       |       |   440 |       |   642 |   329 |   635 ||  2046
         Demon whip        |       |       |       |       |   854 |   856 |   475 |       |       ||  2185
         Hand axe          |       |       |       |       |       |    55 |       |       |       ||    55
         Broad axe         |       |       |       |       |       |    83 |       |       |       ||    83
         Demon trident     |       |       |       |       |       |   224 |   236 |       |       ||   460
         Lajatang          |       |       |       |       |       |   128 |       |       |       ||   128
         Eudemon blade     |       |       |       |       |       |       |   343 |   279 |   248 ||   870
   Fire: Sling             |    78 |   235 |   400 |   213 |    35 |       |       |       |       ||   961
         Hand cannon       |       |       |       |       |       |       |       |   401 |   445 ||   846
         Heavy crossbow    |       |       |       |       |       |       |       |   349 |       ||   349
  Throw: Dart              |       |    11 |    27 |    71 |    24 |    14 |    30 |     2 |       ||   179
         Throwing net      |       |     1 |     1 |     2 |       |       |       |       |       ||     4
         Javelin           |       |       |       |       |     1 |       |       |     4 |    56 ||    61
   Cast: Sigil of Binding  |       |       |     1 |       |       |       |       |       |       ||     1
         Dimensional Bulls |       |       |     4 |     2 |       |       |       |     5 |       ||    11
         Ignite Poison     |       |       |     4 |    56 |    92 |    96 |    56 |     5 |       ||   309
         Cause Fear        |       |       |       |     2 |     1 |       |       |       |       ||     3
         Mephitic Cloud    |       |       |       |     7 |     1 |     1 |     1 |     1 |       ||    11
         Olgreb's Toxic Ra |       |       |       |       |    22 |    45 |    57 |    11 |     1 ||   136
         Freezing Cloud    |       |       |       |       |     3 |    25 |     5 |     5 |     2 ||    40
         Blink             |       |       |       |       |       |     2 |     5 |     6 |     5 ||    18
         Ozocubu's Refrige |       |       |       |       |       |       |       |     5 |    33 ||    38
         Plasma Beam       |       |       |       |       |       |       |       |     1 |     4 ||     5
         Vhi's Electric Ch |       |       |       |       |       |       |       |       |    12 ||    12
 Invoke: Heroism           |       |       |       |     1 |     8 |     2 |     5 |     5 |     9 ||    30
         Finesse           |       |       |       |       |       |       |       |     1 |     3 ||     4
  Evoke: Wand              |       |     2 |     5 |     5 |     2 |     2 |       |       |       ||    16
         Lightning rod     |       |       |       |       |       |       |     8 |       |     4 ||    12
    Use: Scroll            |       |       |    12 |     8 |    13 |    12 |     8 |    13 |     8 ||    74
         Potion            |       |       |     1 |     4 |     4 |     2 |       |     2 |    11 ||    24
   Stab: Sleeping          |       |       |       |     3 |    21 |    37 |    40 |     3 |     2 ||   106
         Confused          |       |       |       |     3 |       |       |       |       |     1 ||     4
         Distracted        |       |       |       |     2 |     5 |    13 |     6 |       |     1 ||    27
         Petrified         |       |       |       |       |     4 |     1 |       |       |       ||     5
         Invisible         |       |       |       |       |     3 |       |       |       |       ||     3
         Petrifying        |       |       |       |       |     1 |     1 |       |       |       ||     2
 Armour: Robe              |     8 |    77 |   119 |    26 |       |       |       |       |       ||   230
         Ring mail         |       |       |       |   195 |   556 |   779 |   563 |       |       ||  2093
         Acid dragon scale |       |       |       |   266 |   592 |       |       |       |       ||   858
         Animal skin       |       |       |       |       |       |       |   121 |   491 |       ||   612
         Fire dragon scale |       |       |       |       |       |       |       |    97 |   738 ||   835
  Dodge: Dodged            |     8 |   183 |   273 |  1309 |  1483 |   946 |   849 |   816 |   679 ||  6546
  Block: Kite shield       |       |       |       |       |       |   434 |  1132 |   563 |   924 ||  3053
         Reflection        |       |       |       |       |       |    47 |    18 |    38 |    22 ||   125
         Other             |       |       |       |       |       |       |       |    82 |       ||    82

Table legend: (Time is in decaauts)
 A = Elapsed time spent in this place.
 B = Non-inter-level travel time spent in this place.
 C = Inter-level travel time spent in this place.
 D = Time resting spent in this place.
 E = Time spent auto-exploring this place.
 F = Levels seen in this place.
 G = Mean time per level.
                   A        B        C        D        E       F      G
               +--------+--------+--------+--------+--------+-----+--------+
         Total |  72520 |  65764 |   6756 |   6068 |  42295 |  53 | 1368.3 |
       Dungeon |  17233 |  14656 |   2577 |    458 |  10347 |  15 | 1148.9 |
        Temple |      4 |      3 |      1 |      0 |      0 |   1 |    4.0 |
          Lair |   7387 |   6562 |    825 |    432 |   4018 |   5 | 1477.4 |
        Shoals |   5485 |   5049 |    436 |    536 |   3254 |   4 | 1371.2 |
     Snake Pit |   5535 |   5194 |    341 |     67 |   3973 |   4 | 1383.8 |
  Orcish Mines |   2170 |   1983 |    187 |    149 |   1392 |   2 | 1085.0 |
   Elven Halls |   5298 |   4970 |    328 |    280 |   3318 |   3 | 1766.0 |
        Vaults |   8735 |   7893 |    842 |    466 |   5641 |   5 | 1747.0 |
        Depths |   8267 |   7409 |    858 |   1361 |   4363 |   4 | 2066.8 |
           Zot |   7652 |   7295 |    357 |    997 |   4560 |   5 | 1530.4 |
         Abyss |    554 |    554 |      0 |     95 |     51 |   1 |  554.0 |
        Bazaar |     96 |     96 |      0 |      0 |     49 |   1 |   96.0 |
        Bailey |    896 |    896 |      0 |    151 |    268 |   1 |  896.0 |
        Wizlab |    426 |    426 |      0 |    141 |     20 |   1 |  426.0 |
    Desolation |   2777 |   2777 |      0 |    931 |   1038 |   1 | 2777.0 |
               +--------+--------+--------+--------+--------+-----+--------+

Top non-repeatable levels by time:
Depths:2: 4201 daAuts
   Zot:5: 2866 daAuts
Desolation: 2777 daAuts
   Elf:3: 2247 daAuts
Vaults:1: 2227 daAuts
  Lair:5: 2126 daAuts
Depths:1: 2055 daAuts
 Snake:4: 1921 daAuts
    D:13: 1911 daAuts
   Elf:2: 1854 daAuts
Vaults:2: 1851 daAuts
  Lair:1: 1833 daAuts
     D:8: 1811 daAuts
Vaults:3: 1773 daAuts
    D:12: 1726 daAuts
